 Dungeon Crawl Stone Soup version 0.32-a0-791-gfc315c9ecd (webtiles) character file.

Game seed: 13821621182658942473

59 mcashin the Caller (level 3, -1/24 HPs)
             Began as a Vampire Summoner on Mar 20, 2024.
             Slain by an adder (3 damage)
             ... on level 3 of the Dungeon.
             The game lasted 00:14:49 (2346 turns).

mcashin the Caller (Vampire Summoner)               Turns: 2346, Time: 00:14:50

Health: -1/24      AC:  2    Str:  7    XL:     3   Next: 78%
Magic:  7/7        EV: 11    Int: 19    God:
Gold:   195        SH:  0    Dex: 14    Spells: 1/7 levels left

rFire   . . .        (no weapon)
rCold   . . .        (no shield)
rNeg    . . .        a - +0 robe
rPois   .            (no helmet)
rElec   .            (no cloak)
rCorr   .            (no gloves)
SInv    +            (no boots)
Will    .....        (no amulet)
Stlth   ++           (no ring)
HPRegen 0.44/turn    (no ring)
MPRegen 0.10/turn

%: no passive effects
@: lethally poisoned (-1 -> -3), healing quickly
A: alive, fangs 3, see invisible, vampiric 2
a: Exsanguinate


You were on level 3 of the Dungeon.
You visited 1 branch of the dungeon, and saw 3 of its levels.

You collected 195 gold pieces.

Inventory:

Armour
 a - a +0 robe (worn)
Jewellery
 d - an amulet of faith
Wands
 j - a wand of flame (14)
Scrolls
 c - a scroll of teleportation {unknown}
 g - 2 scrolls of identify {unknown}
 i - a scroll of enchant armour {unknown}
Potions
 b - a potion of magic
 e - a potion of curing {unknown}
 f - a potion of degeneration {unknown}
 h - a potion of enlightenment {unknown}
 k - a potion of haste {unknown}


   Skills:
 + Level 2.2 Dodging
 + Level 3.1 Stealth
 + Level 0.2 Unarmed Combat
 * Level 2.7 Spellcasting
 * Level 4.9 Summonings


You had one spell level left.
You knew the following spells:

 Your Spells              Type           Power      Damage    Failure   Level
a - Summon Small Mammal   Summ           84%        N/A       1%          1
b - Call Imp              Summ           42%        N/A       3%          2
c - Call Canine Familiar  Summ           21%        N/A       6%          3

Your spell library contained the following spells:

 Spells                   Type           Power      Damage    Failure   Level
 Summon Blazeheart Golem  Fire/Summ      11%        N/A       50%         4
 Summon Lightning Spire   Summ/Air       11%        N/A       50%         4


Dungeon Overview and Level Annotations

Branches:
Dungeon (3/15)

Altars:
Ashenzari
Hepliaklqana
Kikubaaqudgha
Xom


Innate Abilities, Weirdness & Mutations

Your natural rate of healing is accelerated.
You have razor-sharp teeth.
You have supernaturally acute eyesight. (SInv)
You are afflicted with vampirism and can become a bat while bloodless.


Message History

You feel sick.
You are no longer poisoned.
The adder misses you. The adder bites you.
You are poisoned.
The adder poisons you!
You closely miss the adder.
The adder is heavily wounded.
You feel sick. The adder bites you.
You barely miss the adder.
The adder is heavily wounded.
You feel sick. The adder barely misses you.
You hit the adder. Your bite misses the adder.
The adder is heavily wounded.
You feel sick. The adder bites you. x2
You barely miss the adder.
The adder is heavily wounded.
You feel sick. The adder closely misses you.
You hit the adder but do no damage.
The adder is heavily wounded.
You feel sick. The adder barely misses you.
You barely miss the adder.
The adder is moderately wounded.
You feel sick.
You are no longer poisoned.
The adder closely misses you.
You closely miss the adder.
The adder is moderately wounded.
The adder closely misses you. The adder bites you.
* * * LOW HITPOINT WARNING * * *
You hit the adder but do no damage. Your bite misses the adder.
The adder is moderately wounded.
The adder bites you.
* * * LOW HITPOINT WARNING * * *
You are lethally poisoned!
The adder poisons you!
You hit the adder but do no damage.
The adder is moderately wounded.
* * * LOW HITPOINT WARNING * * *
You feel sick. The adder bites you.
You die...

## ... .. .
. ..... ..
#. ###.#.
.. .
#.##.._. ..
#.. ....#.#
#
#...##....#
#!.....S..#
#..@..#
#.###.# #
#.# #.# #.#
##.####
#.....#
#.....#
#.....#


You could see an adder.

Vanquished Creatures
  2 quokkas (D:1)
  A rat (D:2)
3 creatures vanquished.

Vanquished Creatures (collateral kills)
  A dart slug (D:1)
  A ribbon worm (D:3)
  6 orcs (D:3)
  2 ball pythons (D:1)
  An endoplasm (D:1)
  3 giant cockroaches
  4 goblins
  4 hobgoblins
  4 quokkas
  2 bats (D:2)
  4 frilled lizards
  7 kobolds
  4 rats
43 creatures vanquished.

Grand Total: 46 creatures vanquished

Notes
Turn   | Place    | Note
-------+----------+-------------------------------------------
     0 | D:1      | mcashin the Vampire Summoner began the quest for the Orb.
     0 | D:1      | Reached XP level 1. HP: 13/13 MP: 3/3
   274 | D:1      | Reached XP level 2. HP: 19/19 MP: 3/5
  1012 | D:2      | Learned a level 2 spell: Call Imp
  1322 | D:2      | Gained mutation: You are afflicted with vampirism and can
                  | become a bat while bloodless. [Vampire growth]
  1322 | D:2      | Reached XP level 3. HP: 24/24 MP: 3/6
  1340 | D:2      | Learned a level 3 spell: Call Canine Familiar
  1920 | D:3      | Found a broken altar of Ashenzari.
  2206 | D:3      | Found a shimmering altar of Xom.
  2207 | D:3      | Found a hazy altar of Hepliaklqana.
  2207 | D:3      | Noticed a tyrant leech
  2208 | D:3      | Noticed a spectral ugly thing
  2208 | D:3      | Noticed a tyrant leech
  2318 | D:3      | Found an ancient bone altar of Kikubaaqudgha.
  2346 | D:3      | Slain by an adder

Illustrated notes

Levels and vault maps discovered:
D:1:      saegor_arrival_simple_a, layout_loops_ring, serial_forest,
          infiniplex_forest_straight_3, infiniplex_forest_straight_4,
          infiniplex_forest_lined_1, infiniplex_forest_clump_curved,
          infiniplex_forest_lined_2, infiniplex_forest_lined_room_2,
          infiniplex_forest_end_2, infiniplex_forest_lined_1,
          infiniplex_forest_straight_4
D:2:      layout_basic, serial_aquarium, aquarium_bridge_square
          [aquarium_subvault_bridge, aquarium_subvault_wall,
          aquarium_subvault_window, aquarium_subvault_bridge],
          aquarium_window_1, aquarium_window_fake, aquarium_window_1,
          aquarium_window_1, aquarium_view_2f, basic_altar
D:3:      layout_basic, regret_index_temple_of_mockery, lemuel_crystal_altar,
          mainiacjoe_overflow_divided_tiny, grunt_decor_one_mirror

Action                     || total
---------------------------++-------
  Melee: Unarmed           ||    80
         Bite              ||     6
   Cast: Summon Small Mamm ||    26
         Call Imp          ||    13
         Call Canine Famil ||     4
   Stab: Distracted        ||     1
 Armour: Robe              ||    46
  Dodge: Dodged            ||    47

Table legend: (Time is in decaauts)
 A = Elapsed time spent in this place.
 B = Non-inter-level travel time spent in this place.
 C = Inter-level travel time spent in this place.
 D = Time resting spent in this place.
 E = Time spent auto-exploring this place.
 F = Levels seen in this place.
 G = Mean time per level.
                   A        B        C        D        E       F      G
               +--------+--------+--------+--------+--------+-----+--------+
         Total |   2345 |   2319 |     26 |     49 |   1257 |   3 |  781.7 |
       Dungeon |   2345 |   2319 |     26 |     49 |   1257 |   3 |  781.7 |
               +--------+--------+--------+--------+--------+-----+--------+

Top non-repeatable levels by time:
     D:1: 982 daAuts
     D:2: 877 daAuts
     D:3: 485 daAuts
